 Dungeon Crawl Stone Soup version 0.22.0-60-ga52c2fc (webtiles) character file.

2468 Merlin the Bolt Thrower (level 9, -4/70 HPs)
             Began as a Gnoll Wanderer on Sept 9, 2018.
             Was a Priest of Nemelex Xobeh.
             Slain by a gnoll sergeant
             ... wielding a +0 glaive
              (10 damage)
             ... in a bailey.
             The game lasted 00:28:04 (5428 turns).

Merlin the Bolt Thrower (Gnoll Wanderer)            Turns: 5428, Time: 00:28:05

Health: -4/70      AC: 11    Str: 17    XL:     9   Next: 51%
Magic:  15/15      EV:  9    Int: 16    God:    Nemelex Xobeh [***...]
Gold:   424        SH:  0    Dex: 14    Spells: 16/16 levels left

rFire    + . .     SeeInvis .   r - +1 broad axe (vamp)
rCold    + . .     Gourm    .   (no shield)
rNeg     . . .     Faith    .   d - +0 chain mail
rPois    .         Spirit   .   (no helmet)
rElec    .         Reflect  .   (no cloak)
rCorr    .         Harm     .   k - +0 pair of gloves
MR       .....                  (no boots)
Stlth    ..........             (no amulet)
HPRegen  0.21/turn              c - ring of protection from cold
MPRegen  0.14/turn              x - ring of protection from fire

@: no status effects
A: distributed training, fangs 1, strong nose
a: Triple Draw, Renounce Religion


You were in a bailey.
You worshipped Nemelex Xobeh.
Nemelex Xobeh was most pleased with you.
You were not hungry.

You visited 1 branch of the dungeon, and saw 7 of its levels.
You also visited: Bailey.

You collected 424 gold pieces.

Inventory:

Hand Weapons
 a - a +2 hand axe
 b - a +0 hand crossbow
 r - a +1 vampiric broad axe (weapon)
Missiles
 i - 37 bolts
Armour
 d - a +0 chain mail (worn)
 k - a +0 pair of gloves (worn)
 A - a +0 plate armour
Jewellery
 c - a ring of protection from cold (left hand)
 j - an uncursed ring of positive energy
 x - a ring of protection from fire (right hand)
 L - an uncursed amulet of rage {unknown}
Wands
 n - a wand of disintegration (11)
 w - a wand of flame (20)
 y - a wand of polymorph (10)
 C - a wand of clouds (4)
 K - a wand of enslavement (16)
Scrolls
 f - a scroll of immolation {unknown}
 h - a scroll of remove curse
 p - 2 scrolls of enchant armour {unknown}
 t - 3 scrolls of blinking {unknown}
 D - a scroll of noise {unknown}
 F - a scroll of identify
 G - a scroll of fear {unknown}
Potions
 e - 3 potions of brilliance
 o - 2 potions of haste
 q - 3 potions of curing
 s - a potion of magic
 u - a potion of cancellation {unknown}
 z - a potion of flight {unknown}
 I - a potion of berserk rage {unknown}
 J - a potion of agility {unknown}
Miscellaneous
 B - a legendary deck of destruction
 E - a plain deck of summoning
 H - a plain deck of escape {drawn: 1}
Comestibles
 v - 4 rations


   Skills:
 + Level 6.3 Fighting
 + Level 4.2 Short Blades
 + Level 4.2 Long Blades
 + Level 6.3 Axes
 + Level 4.2 Maces & Flails
 + Level 4.2 Polearms
 + Level 4.2 Staves
 + Level 4.2 Slings
 + Level 4.2 Bows
 + Level 7.9 Crossbows
 + Level 4.2 Throwing
 + Level 5.0 Armour
 + Level 4.2 Dodging
 + Level 4.9 Stealth
 + Level 4.2 Shields
 + Level 4.2 Unarmed Combat
 + Level 4.2 Spellcasting
 + Level 3.5 Conjurations
 + Level 3.5 Hexes
 + Level 3.5 Charms
 + Level 3.5 Summonings
 + Level 3.5 Necromancy
 + Level 3.5 Translocations
 + Level 3.5 Transmutations
 + Level 3.5 Fire Magic
 + Level 3.5 Ice Magic
 + Level 3.5 Air Magic
 + Level 3.5 Earth Magic
 + Level 3.5 Poison Magic
 + Level 4.6 Invocations
 + Level 5.0 Evocations


You had 16 spell levels left.
You didn't know any spells.
Your spell library was empty.

Dungeon Overview and Level Annotations

Branches:
Dungeon (7/15)             Temple (0/1) D:6

Altars:
Dithmenos
Nemelex Xobeh
Okawaru
Qazlal
Trog

Shops:
D:6 [


Innate Abilities, Weirdness & Mutations

Your experience applies equally to all skills.
You have very sharp teeth.
Your uncanny sense of smell can sniff out nearby items.


Message History

You bite the gnoll sergeant, but do no damage.
The gnoll sergeant is heavily wounded.
The gnoll sergeant completely misses you.
The gnoll sergeant closely misses you.
You hit the gnoll sergeant but do no damage.
The gnoll sergeant is heavily wounded.
The gnoll sergeant closely misses you.
You hit the gnoll sergeant.
You feel better.
The gnoll sergeant is severely wounded.
The gnoll sergeant closely misses you. The gnoll sergeant misses you.
You hit the gnoll sergeant but do no damage.
The gnoll sergeant is severely wounded.
The gnoll sergeant hits you with a glaive.
* * * LOW HITPOINT WARNING * * *
You hit the gnoll sergeant but do no damage.
The gnoll sergeant is severely wounded.
The gnoll sergeant barely misses you.
The gnoll sergeant hits you with a glaive!
You die...
Your body glows with a rainbow of weird colours and disappears.

♣∩♣ ♣.♣ ♣♣.♣♣
♣♣♣♣.∩.♣♣
♣♣.(÷....♣♣♣♣
♣♣♣....)......♣♣♣
♣.....).........♣
♣≈≈≈≈≈≈≈...≈≈≈≈≈≈≈
♣≈≈........@......≈
♣≈.........g.......
♣≈.######'''######.
♣≈. ∆∆∆ #...# ∆∆∆
#...# #...# ##'##
##.).## ##())).##


You could see a gnoll sergeant.

Vanquished Creatures
  A troll (D:6)
  Menkaure (D:5)
  A sky beast (D:6)
  An ice beast (D:6)
  3 ogres
  2 centaurs
  A bullfrog (D:6)
  A gnoll sergeant (Bailey)
  A water moccasin skeleton (D:6)
  A howler monkey (D:4)
  2 electric eels (D:4)
  A crimson imp (D:5)
  4 bullfrog zombies (D:6)
  3 hounds
  An orc wizard (D:6)
  A centaur skeleton (D:6)
  A gnoll shaman (Bailey)
  2 iguanas (D:4)
  2 worker ants (D:6)
  A killer bee zombie (D:6)
  A hound zombie (D:6)
  2 hound skeletons (D:6)
  A howler monkey zombie (D:6)
  2 worker ant zombies (D:6)
  11 gnolls
  3 adders
  2 shadow imps (D:6)
  An ooze (D:2)
  An adder skeleton (D:6)
  2 adder zombies (D:6)
  4 worms
  3 dart slugs
  5 leopard geckos
  12 orcs
  2 giant cockroaches (D:2)
  7 hobgoblins
  4 jackals
  5 kobolds
  2 ball pythons
  5 bats
  A frilled lizard (D:4)
  9 goblins
  A leopard gecko zombie (D:6)
  A quokka skeleton (D:4)
  A quokka zombie (D:6)
  6 rats
125 creatures vanquished.

Vanquished Creatures (collateral kills)
  Grinder (D:3)
  Eustachio (D:4)
  An orc warrior (D:6)
  An ogre (D:6)
  2 gnoll sergeants (Bailey)
  3 gnoll shamans (Bailey)
  An orc priest (D:6)
  7 gnolls (Bailey)
  4 orcs
  A giant cockroach zombie (D:6)
22 creatures vanquished.

Vanquished Creatures (others)
  A gnoll (Bailey)
1 creature vanquished.

Grand Total: 148 creatures vanquished

Notes
Turn   | Place    | Note
-------+----------+-------------------------------------------
     0 | D:1      | Merlin the Gnoll Wanderer began the quest for the Orb.
     0 | D:1      | Merlin set off with: a +2 hand axe, a +0 mace, a +0 ring
                  | mail, a ration
     0 | D:1      | Reached XP level 1. HP: 20/20 MP: 2/2
   108 | D:1      | Reached XP level 2. HP: 26/26 MP: 3/3
   397 | D:1      | You fall through a shaft!
   427 | D:2      | Reached XP level 3. HP: 29/31 MP: 4/4
   444 | D:2      | Found a faded altar of an unknown god.
   451 | D:2      | Became a worshipper of Nemelex Xobeh the Trickster
   451 | D:2      | Received a gift from Nemelex Xobeh
   451 | D:2      | Reached * piety under Nemelex Xobeh
   451 | D:2      | Received a gift from Nemelex Xobeh
   574 | D:2      | Reached skill level 1 in Invocations
   690 | D:2      | Reached skill level 1 in Short Blades
   690 | D:2      | Reached skill level 1 in Long Blades
   690 | D:2      | Reached skill level 1 in Maces & Flails
   690 | D:2      | Reached skill level 1 in Polearms
   690 | D:2      | Reached skill level 1 in Staves
   690 | D:2      | Reached skill level 1 in Slings
   690 | D:2      | Reached skill level 1 in Bows
   690 | D:2      | Reached skill level 1 in Throwing
   690 | D:2      | Reached skill level 1 in Dodging
   690 | D:2      | Reached skill level 1 in Shields
   690 | D:2      | Reached skill level 1 in Unarmed Combat
   690 | D:2      | Reached skill level 1 in Spellcasting
   800 | D:2      | Found an iron altar of Okawaru.
   810 | D:2      | Found a shadowy altar of Dithmenos.
   928 | D:2      | Reached XP level 4. HP: 37/38 MP: 6/6
  1079 | D:3      | Noticed Grinder
  1089 | D:3      | Killed Grinder
  1089 | D:3      | Reached skill level 1 in Conjurations
  1089 | D:3      | Reached skill level 1 in Hexes
  1089 | D:3      | Reached skill level 1 in Charms
  1089 | D:3      | Reached skill level 1 in Summonings
  1089 | D:3      | Reached skill level 1 in Necromancy
  1089 | D:3      | Reached skill level 1 in Translocations
  1089 | D:3      | Reached skill level 1 in Transmutations
  1089 | D:3      | Reached skill level 1 in Fire Magic
  1089 | D:3      | Reached skill level 1 in Ice Magic
  1089 | D:3      | Reached skill level 1 in Air Magic
  1089 | D:3      | Reached skill level 1 in Earth Magic
  1089 | D:3      | Reached skill level 1 in Poison Magic
  1089 | D:3      | Reached XP level 5. HP: 32/43 MP: 7/7
  1259 | D:3      | Found a bloodstained altar of Trog.
  1312 | D:3      | Reached ** piety under Nemelex Xobeh
  1596 | D:4      | Reached XP level 6. HP: 50/50 MP: 8/8
  1751 | D:4      | Found a transporter.
  1769 | D:4      | Found a transporter.
  1779 | D:4      | Reached skill level 5 in Fighting
  1779 | D:4      | Reached skill level 5 in Axes
  2013 | D:4      | Noticed Eustachio
  2019 | D:4      | Killed Eustachio
  2019 | D:4      | Reached XP level 7. HP: 56/56 MP: 10/10
  2228 | D:4      | Reached skill level 7 in Crossbows
  2410 | D:5      | Entered Level 5 of the Dungeon
  2422 | D:5      | Received a gift from Nemelex Xobeh
  2451 | D:5      | Found a stormy altar of Qazlal.
  2472 | D:5      | Noticed Menkaure
  2488 | D:5      | Killed Menkaure
  3257 | D:5      | Received a gift from Nemelex Xobeh
  3346 | D:5      | Reached *** piety under Nemelex Xobeh
  3447 | D:6      | Reached XP level 8. HP: 58/63 MP: 12/12
  4111 | D:6      | Noticed a troll
  4118 | D:6      | Killed a troll
  4298 | D:6      | Found Jibeussigyo's Armour Boutique.
  4309 | D:6      | Reached XP level 9. HP: 42/69 MP: 14/14
  4462 | D:6      | Found a staircase to the Ecumenical Temple.
  4785 | D:6      | Received a gift from Nemelex Xobeh
  5160 | D:7      | Found a flagged portal.
  5187 | Bailey   | Entered a bailey
  5335 | Bailey   | Reached skill level 5 in Armour
  5335 | Bailey   | Reached skill level 5 in Evocations
  5368 | Bailey   | HP: 3/69 [gnoll sergeant/halberd (10)]
  5428 | Bailey   | Slain by a gnoll sergeant

Skill      XL: |  1  2  3  4  5  6  7  8  9 |
---------------+----------------------------+-----
Invocations    | 1 2 3 4 |  4.6
Short Blades   | 1 2 3 4 |  4.2
Long Blades    | 1 2 3 4 |  4.2
Maces & Flails | 1 2 3 4 |  4.2
Polearms       | 1 2 3 4 |  4.2
Staves         | 1 2 3 4 |  4.2
Slings         | 1 2 3 4 |  4.2
Bows           | 1 2 3 4 |  4.2
Throwing       | 1 2 3 4 |  4.2
Dodging        | 1 2 3 4 |  4.2
Shields        | 1 2 3 4 |  4.2
Unarmed Combat | 1 2 3 4 |  4.2
Spellcasting   | 1 2 3 4 |  4.2
Armour         | 3 4 5 |  5.0
Conjurations   | 1 2 3 |  3.5
Hexes          | 1 2 3 |  3.5
Charms         | 1 2 3 |  3.5
Summonings     | 1 2 3 |  3.5
Necromancy     | 1 2 3 |  3.5
Translocations | 1 2 3 |  3.5
Transmutations | 1 2 3 |  3.5
Fire Magic     | 1 2 3 |  3.5
Ice Magic      | 1 2 3 |  3.5
Air Magic      | 1 2 3 |  3.5
Earth Magic    | 1 2 3 |  3.5
Poison Magic   | 1 2 3 |  3.5
Evocations     | 3 4 5 |  5.0
Stealth        | 3 4 |  4.9
Fighting       | 5 6 |  6.3
Axes           | 5 6 |  6.3
Crossbows      | 7 |  7.9

Action                   |  1- 3 |  4- 6 |  7- 9 || total
-------------------------+-------+-------+-------++-------
Melee: Hand axe          |    98 |    53 |       ||   151
       Bite              |     5 |     7 |    31 ||    43
       Broad axe         |       |    41 |   292 ||   333
       Punch             |       |     1 |     6 ||     7
Invok: Triple Draw       |       |       |     1 ||     1
Evoke: Deck              |       |     4 |    11 ||    15
       Wand              |       |     3 |       ||     3
  Use: Scroll            |       |     5 |     1 ||     6
       Potion            |       |       |     2 ||     2
 Stab: Sleeping          |       |     4 |       ||     4
       Distracted        |       |     1 |     1 ||     2
  Eat: Chunk             |       |     2 |     7 ||     9
       Ration            |       |     2 |     1 ||     3
Armor: Ring mail         |    54 |    18 |       ||    72
       Chain mail        |       |     8 |   221 ||   229
Dodge: Dodged            |    63 |    39 |   201 ||   303
